Map: Abyssal Reef LE

Players

Slayersboxer - Winner!

  • Race: Terran Terran
  • Spawn Location: 11:00

PorterStrike

  • Race: Zerg Zerg
  • League: Platinum
  • Spawn Location: 5:00

VOD

Have the link to the VOD?

Description

Im a terran player who hasnt played in months and now getting back into this game. Pretty good first game zerg player did well.(I also had no idea what i was doing)

Time

  • Played on: Nov. 26, 2017, 7:05 p.m.
  • Length: 13:28
Show
View Real Time Build Order
Export as new Build Order

Slayersboxer Terran - Winner!

Build Orders:  

Get SALT Encoding   

  12  0:01  SCV  
  13  0:13  SCV  
  14  0:17  Supply Depot  
  14  0:25  SCV  
  15  0:39  Refinery, SCV  
  16  0:45  Barracks  
  16  0:51  SCV  
  17  0:58  Supply Depot  
  17  1:04  SCV  
  18  1:16  SCV  
  19  1:31  Orbital Command  
  19  1:37  Reaper  
  20  1:41  Refinery  
  19  2:01  Factory  
  19  2:02  SCV  
  20  2:15  SCV  
  21  2:19  Barracks Reactor  
  21  2:24  Engineering Bay  
  21  2:26  Engineering Bay  
  21  2:27  SCV  
  22  2:39  SCV  
  22  2:46  Factory Tech Lab  
  22  2:51  Bunker  
  22  2:57  Terran Infantry Weapons Level 1  
  22  2:58  Terran Infantry Armor Level 1, Marine  
  22  2:59  Marine  
  24  3:16  Marine x2  
  26  3:27  Siege Tank  
  26  3:30  SCV  
  30  3:42  Marine  
  30  3:46  Supply Depot  
  31  3:50  Starport  
  31  3:57  Barracks  
  31  4:08  Missile Turret, SCV, Marine x2  
  34  4:11  Missile Turret  
  34  4:13  Supply Depot  
  34  4:25  Marine  
  34  4:28  Starport Reactor  
  35  4:42  Marine  
  36  4:50  Command Center  
  36  4:54  Barracks Tech Lab  
  36  4:58  Hellion  
  38  5:08  Medivac x2  
  42  5:15  SCV  
  43  5:22  Stimpack  
  43  5:23  Marine x2  
  43  5:27  Supply Depot  
  45  5:54  Siege Tank  
  45  5:56  Marine x3  
  51  5:58  Medivac x2  
  51  6:01  SCV  
  56  6:06  Supply Depot  
  56  6:15  SCV  
  56  6:16  Marine x2  
  59  6:27  SCV  
  60  6:37  Marine x2  
  60  6:38  Marine  
  63  6:55  Marine x2  
  63  6:56  Siege Tank, Marine  
  63  6:57  Medivac x2  
  72  7:14  Orbital Command  
  72  7:21  Marine  
  72  7:22  Marine  
  74  7:31  Barracks  
  74  7:39  Marine  
  69  7:59  Liberator  
  69  8:00  Liberator  
  66  8:15  SCV  
  66  8:17  Siege Tank  
  73  8:20  Marine x3  
  73  8:21  Marauder  
  73  8:26  SCV  
  73  8:27  SCV  
  73  8:31  Supply Depot x2  
  74  8:46  Marine x2  
  76  8:48  Marine  
  76  8:49  Marine  
  76  8:57  SCV x2  
  78  9:04  Marine x2  
  78  9:09  SCV  
  81  9:13  SCV  
  81  9:15  Command Center  
  82  9:20  Liberator x2  
  82  9:35  Barracks Tech Lab  
  88  10:04  Marine x2  
  88  10:06  Marine x2  
  86  10:12  Barracks x2  
  86  10:15  Barracks  
  86  10:18  Barracks  
  86  10:22  Marine x2  
  86  10:25  Marauder x2  
  92  10:39  Marine  
  92  10:40  Armory, Marine  
  94  10:42  Factory  
  94  10:43  Factory  
  94  10:45  SCV x2  
  94  10:46  Factory  
  96  10:51  SCV  
  97  10:57  SCV  
  80  11:28  SCV x3  
  83  11:33  Factory Reactor x2  
  83  11:34  Factory Reactor  
  83  11:40  SCV x2, Marine x2  
  83  11:41  Supply Depot  
  83  11:43  Supply Depot  
  87  11:47  Barracks Reactor x2  
  87  11:50  Marauder x2  
  87  11:51  Marine  
  92  11:58  Marine x2  
  94  12:11  Marauder x2  
  94  12:13  Siege Tank  
  101  12:15  Marine x2  
  101  12:21  Barracks Tech Lab  
  100  12:24  SCV x2  
  100  12:25  SCV  
  100  12:26  Marine  
  100  12:27  Marine x4  
  108  12:33  Marine x2  
  108  12:36  SCV  
  108  12:37  SCV  
  110  12:46  Marine x5  
  110  12:47  Marine x3  
  118  12:56  Supply Depot x2  
  118  12:57  Supply Depot  
  118  12:59  Refinery  
  118  13:01  Orbital Command, Refinery  
  118  13:02  SCV  
  118  13:03  SCV  
Show
View Real Time Build Order
Export as new Build Order

PorterStrike Zerg 

Build Orders: Pool First, Lurkers 

Get SALT Encoding   

  12  0:03  Drone  
  13  0:08  Drone  
  14  0:26  Spawning Pool  
  13  0:43  Extractor  
  13  0:46  Drone x2  
  13  0:48  Overlord  
  14  1:00  Overlord  
  14  1:19  Zergling x4  
  14  1:20  Roach Warren  
  15  1:29  Drone  
  16  1:41  Drone  
  17  1:50  Lair  
  17  1:55  Spine Crawler  
  17  1:58  Drone  
  17  2:03  Roach  
  19  2:13  Roach  
  21  2:26  Extractor, Zergling x2  
  21  2:36  Roach  
  23  2:45  Drone  
  25  2:58  Drone  
  25  3:00  Queen  
  25  3:05  Hydralisk Den  
  26  3:07  Drone  
  27  3:32  Drone x2  
  29  3:44  Baneling Nest  
  29  3:48  Drone  
  29  3:51  Drone, Lurker Den  
  29  4:01  Drone  
  30  4:11  Metabolic Boost  
  30  4:15  Overlord  
  30  4:31  Overlord  
  30  4:37  Spore Crawler  
  29  5:00  Hatchery  
  29  5:05  Drone  
  29  5:06  Drone  
  30  5:11  Overseer  
  30  5:15  Overseer  
  30  5:26  Drone x2  
  32  5:28  Drone  
  32  5:32  Drone  
  34  5:50  Drone x3  
  37  5:59  Queen  
  37  6:04  Extractor x2  
  38  6:11  Spine Crawler  
  36  6:17  Drone x2  
  35  6:32  Hydralisk x2  
  27  6:39  Hydralisk  
  33  6:49  Hydralisk  
  35  7:15  Lurker x2  
  37  7:17  Hydralisk x3  
  43  7:23  Lurker x2  
  45  7:31  Overlord  
  45  8:16  Hydralisk x6  
  54  8:30  Overlord x3  
  51  8:44  Lurker x2  
  51  8:46  Lurker  
  49  9:06  Spire  
  49  9:09  Drone x4  
  52  9:15  Zergling x2  
  52  9:16  Zergling x2  
  54  9:39  Baneling x4  
  54  9:44  Zergling x12  
  56  10:08  Zergling x4  
  58  10:17  Mutalisk x3  
  63  10:31  Zergling x2  
  63  10:32  Baneling x2  
  63  10:33  Baneling x3  
  31  11:19  Hydralisk x3  
  31  11:20  Hydralisk x2  
  31  11:24  Zergling x4  
  43  11:35  Zergling x2  
  43  11:38  Zergling x6  
  47  11:42  Zergling x2  
  48  11:52  Zergling x2  
  44  12:15  Hydralisk x3  
  44  12:21  Hydralisk  
  52  12:29  Overseer  
  49  12:47  Hydralisk x2  
  53  13:08  Zergling x4  
Tags
 
Composition
Lurkers
League
Platinum
Matchup
TvZ
Opening
Pool First
Spawn Locations
Cross Positions
Add a new tag
Caveats
  • Supply blocks, unpowered buildings, or Contaminate may cause inaccurate times.
  • Supply counts are checked every 10 seconds.